 Dungeon Crawl Stone Soup version 0.23.2-1-ga50397a (webtiles) character file.

Game seed: 2991247137759889157

151 Iscandelvey the Vexing (level 5, 29/38 HPs)
             Began as a Demonspawn Arcane Marksman on Apr 17, 2019.
             Quit the game on level 3 of the Dungeon.
             The game lasted 00:02:03 (1991 turns).

Iscandelvey the Vexing (Demonspawn Arcane Marksman) Turns: 1991, Time: 00:02:04

Health: 29/38      AC:  2    Str: 11    XL:     5   Next: 10%
Magic:  15/15      EV: 12    Int: 15    God:
Gold:   96         SH:  0    Dex: 13    Spells: 5/6 levels left

rFire    . . .     SeeInvis .   i - +2 short sword (drain)
rCold    . . .     Gourm    .   (no shield)
rNeg     . . .     Faith    .   e - +0 robe
rPois    .         Spirit   .   (no helmet)
rElec    .         Reflect  .   (no cloak)
rCorr    .         Harm     .   (no gloves)
MR       .....                  (no boots)
Stlth    ++........             (no amulet)
HPRegen  0.12/turn              s - ring of magical power
MPRegen  0.14/turn              (no ring)

@: no status effects
A: talons 2, demonic guardian 1, sturdy frame 1
a: no special abilities


You were on level 3 of the Dungeon.
You were not hungry.

You visited 1 branch of the dungeon, and saw 3 of its levels.

You collected 96 gold pieces.

Inventory:

Hand Weapons
 a - a +0 hand crossbow
 i - a +2 short sword of draining (weapon)
Missiles
 d - 17 bolts
Armour
 e - a +0 robe (worn)
Jewellery
 s - a ring of magical power (left hand)
Scrolls
 c - 2 scrolls of fear {unknown}
 g - 2 scrolls of enchant armour {unknown}
 h - 2 scrolls of identify {unknown}
 j - a scroll of fog {unknown}
 m - a scroll of amnesia {unknown}
 o - 2 scrolls of teleportation {unknown}
 p - 2 scrolls of magic mapping {unknown}
 u - a scroll of remove curse {unknown}
 v - a scroll of noise {unknown}
Potions
 b - 3 potions of mutation {unknown}
 k - a potion of agility {unknown}
 l - 2 potions of curing {unknown}
 n - a potion of heal wounds {unknown}
 q - a potion of magic {unknown}
 r - a potion of resistance {unknown}
 t - a potion of brilliance {unknown}
Comestibles
 f - 8 rations


   Skills:
 + Level 2.0 Fighting
 + Level 1.2 Short Blades
 + Level 3.2 Crossbows
 + Level 2.2 Dodging
 + Level 1.0 Stealth
 + Level 1.0 Spellcasting
 + Level 3.6 Hexes


You had 5 spell levels left.
You knew the following spells:

 Your Spells              Type           Power        Failure   Level  Hunger
a - Corona                Hex            ##.....      5%          1    ##.....

Your spell library contained the following spells:

 Spells                   Type           Power        Failure   Level  Hunger
 Slow                     Hex            ##......     9%          2    ###....
 Inner Flame              Hex/Fire       #.......     34%         3    ####...
 Portal Projectile        Hex/Tloc       #.....       34%         3    ####...
 Cause Fear               Hex            ##........   47%         4    #####..
 Leda's Liquefaction      Hex/Erth       #.........   75%         4    #####..


Dungeon Overview and Level Annotations

Branches:
Dungeon (3/15)

Altars:
Nemelex Xobeh


Innate Abilities, Weirdness & Mutations

You have razor-sharp toenails.
A weak demonic guardian rushes to your aid.
Your movements are slightly less encumbered by armour. (ER -2)


Message History

You closely miss the ice beast.
The ice beast is almost dead.
The ice beast hits you. The ice beast freezes you.
The ice beast hits you but does no damage.
An ice beast is nearby!
You hit the ice beast.
You kill the ice beast!
Your life force feels restored.
Your Fighting skill increases to level 2!
Your Short Blades skill increases to level 1!
Your Crossbows skill increases to level 3!
Your Stealth skill increases to level 1!
You have reached level 4!
You feel stronger.
Your demonic ancestry asserts itself...
You feel less encumbered by your armour.
You have reached level 5!
Your demonic ancestry asserts itself...
You feel the presence of a demonic guardian.
You see here a club.
Are you sure you want to abandon this character and quit the game? (Confirm with "yes".)

#... ####.....#.#
b..⌠.⌠...#.#
#####.._...?#.#
.....⌠.⌠...#.#..
######....#....?#.#.####
..........##....#.#.#...
#..@...#....#.#.#...
#...####....#.#.#...
#..)......#.#.#.....
#.#.......#.#.#....#
#.######..#.#.#..... #.
...............# #
#####.#.#......#
.....#####... ###.###
#....


There were no monsters in sight!

Vanquished Creatures
  An ice beast (D:3)
  An adder (D:2)
  2 worms
  2 dart slugs
  2 leopard geckos
  5 bats
  2 giant cockroaches
  3 goblins (D:1)
  4 hobgoblins
  A ball python (D:3)
  4 frilled lizards
  9 kobolds
  8 rats
44 creatures vanquished.

Notes
Turn   | Place    | Note
-------+----------+-------------------------------------------
     0 | D:1      | Iscandelvey the Demonspawn Arcane Marksman began the quest
                  | for the Orb.
     0 | D:1      | Reached XP level 1. HP: 15/15 MP: 2/2
    81 | D:1      | Gained mutation: You have sharp toenails. [demonic
                  | ancestry]
    81 | D:1      | Reached XP level 2. HP: 21/21 MP: 3/3
   756 | D:2      | Gained mutation: You have razor-sharp toenails. [demonic
                  | ancestry]
   756 | D:2      | Reached XP level 3. HP: 21/26 MP: 4/4
  1649 | D:3      | Found a faded altar of an unknown god.
  1970 | D:3      | Noticed an ice beast
  1972 | D:3      | Found a sparkling altar of Nemelex Xobeh.
  1982 | D:3      | Killed an ice beast
  1982 | D:3      | Reached skill level 1 in Short Blades
  1982 | D:3      | Reached skill level 1 in Stealth
  1982 | D:3      | Gained mutation: Your movements are slightly less
                  | encumbered by armour. (ER -2) [demonic ancestry]
  1982 | D:3      | Reached XP level 4. HP: 24/33 MP: 5/5
  1982 | D:3      | Gained mutation: A weak demonic guardian rushes to your
                  | aid. [demonic ancestry]
  1982 | D:3      | Reached XP level 5. HP: 28/38 MP: 6/6
  1991 | D:3      | Quit the game

Skill      XL: |  1  2  3 |
---------------+----------+-----
Dodging        | 2 |  2.2
Crossbows      | 2 3 |  3.2
Fighting       | 2 |  2.0
Short Blades   | 1 |  1.2
Stealth        | 1 |  1.0
Spellcasting   | |  1.0
Hexes          | |  3.6

Action                   |  1- 3 |  4- 6 || total
-------------------------+-------+-------++-------
Melee: Short sword       |    64 |       ||    64
       Kick              |    11 |       ||    11
 Fire: Hand crossbow     |    39 |       ||    39
 Stab: Sleeping          |     1 |       ||     1
  Eat: Chunk             |     3 |       ||     3
Armor: Robe              |    12 |       ||    12
Dodge: Dodged            |    48 |       ||    48
